Los Angeles Kings vs Washington Capitals
Created - Monday, May 5, 2025 at 07:43
Goals
|
| Los Angeles Kings |
1 |
1 |
0 |
2 |
| Washington Capitals |
3 |
1 |
1 |
5 |
|
Shots
|
| Los Angeles Kings |
6 |
10 |
4 |
20 |
| Washington Capitals |
24 |
12 |
4 |
40 |
|
1st period
1. Los Angeles Kings , Andrei Svechnikov 28 (Noah Dobson 34) at 5:28
2. Washington Capitals , Fabian Zetterlund 11 (Derek Forbort 6) at 7:18
3. Washington Capitals , Alex Ovechkin 21 (Jason Robertson 36, Nico Hischier 46) at 8:31 (PP)
4. Washington Capitals , Drake Batherson 25 (Brad Marchand 37, Mikael Backlund 14) at 18:34
Penalties :
Seth Jarvis (LAK) for Hooking (Minor) at 8:09, Jamie Oleksiak (WSH) for Fighting (Major) at 11:57, Ryan Reaves (LAK) for Fighting (Major) at 11:57, Matthew Boldy (LAK) for Goalie Interference (Minor) at 15:24, K'Andre Miller (LAK) for Tripping (Minor) at 18:41
2nd period
5. Washington Capitals , Jordan Kyrou 24 (Drake Batherson 34, Brad Marchand 38) at 4:15 (PP)
6. Los Angeles Kings , Adam Fantilli 24 (Andrei Svechnikov 32, K'Andre Miller 19) at 19:22
Penalties :
Trent Frederic (LAK) for Cross-checking (Minor) at 4:08, Matthew Boldy (LAK) for High sticking (Minor) at 4:32, Trent Frederic (LAK) for Cross-checking (Minor) at 13:39, Jamie Oleksiak (WSH) for Tripping (Minor) at 19:25
3rd period
7. Washington Capitals , Michael McLeod 4 (Thomas Harley 24, Derek Forbort 7) at 6:50
Penalties :
Michael Eyssimont (LAK) for Hooking (Minor) at 16:09
Goalie Stats
Andrei Vasilevskiy (LAK), 35 saves from 40 shots - (0.875), L, 12-21-8, 60:00 minutes
Jake Oettinger (WSH), 18 saves from 20 shots - (0.900), W, 31-13-2, 60:00 minutes
Players Stats for Los Angeles Kings
Player Name G A P +/- PIM S H SB GA TA FO MP PP MP PK MP
------------------------------------------------------------------------------------
Adam Fantilli 1 0 1 1 0 2 1 0 1 0 5/19 14:33 1:06 0:00
Alex Gallant 0 0 0 1 0 0 1 0 0 1 0/0 2:19 0:00 0:00
Alexander Alexeyev 0 0 0 -3 0 1 1 3 0 0 0/0 14:19 0:00 0:00
Alexander Romanov 0 0 0 -3 0 0 1 3 0 0 0/0 15:26 0:00 1:07
Andrei Kuzmenko 0 0 0 0 0 3 1 0 0 0 0/2 18:17 0:00 5:03
Andrei Svechnikov 1 1 2 1 0 3 2 1 2 1 3/11 20:04 1:06 4:35
Blake Wheeler 0 0 0 -2 0 1 2 0 0 0 3/11 12:37 0:00 2:37
K'Andre Miller 0 1 1 1 2 1 2 1 0 1 0/0 21:09 1:04 4:09
Logan Cooley 0 0 0 -1 0 1 2 1 1 0 4/15 15:33 0:53 0:46
MacKenzie Weegar 0 0 0 1 0 2 1 2 0 3 0/0 24:18 0:55 5:42
Matthew Boldy 0 0 0 0 4 2 1 1 1 1 0/0 15:04 1:03 2:06
Michael Eyssimont 0 0 0 0 2 1 3 0 0 0 2/11 12:20 0:00 0:00
Noah Dobson 0 1 1 1 0 0 0 0 0 1 0/0 23:59 0:55 5:02
Owen Power 0 0 0 1 0 0 0 1 1 0 0/0 21:40 1:04 4:48
Ryan Reaves 0 0 0 -1 5 1 0 0 0 0 0/0 7:15 0:00 0:04
Seth Jarvis 0 0 0 -1 2 2 0 0 1 1 2/3 19:58 0:53 4:28
Trent Frederic 0 0 0 -1 4 0 3 0 1 0 0/0 16:25 0:50 0:00
Vitali Kravtsov 0 0 0 0 0 0 0 0 0 0 0/0 14:16 0:06 1:13
Players Stats for Washington Capitals
Player Name G A P +/- PIM S H SB GA TA FO MP PP MP PK MP
------------------------------------------------------------------------------------
Alex Ovechkin 1 0 1 0 0 7 1 0 1 0 0/0 18:02 5:25 0:00
Brad Marchand 0 2 2 -1 0 1 3 0 0 1 1/1 19:08 4:59 0:00
Derek Forbort 0 2 2 1 0 3 0 1 0 1 0/0 18:23 0:49 1:08
Drake Batherson 1 1 2 -1 0 4 3 0 2 1 1/1 19:08 4:59 0:00
Fabian Zetterlund 1 0 1 2 0 4 1 1 0 0 0/0 10:10 0:00 0:55
Ian Cole 0 0 0 0 0 0 1 0 0 0 0/0 15:31 0:36 0:51
Jamie Oleksiak 0 0 0 0 7 1 4 0 0 3 0/0 19:48 3:55 0:00
Jason Robertson 0 1 1 0 0 4 1 0 1 0 1/1 18:13 5:25 0:00
John Carlson 0 0 0 0 0 1 4 0 0 0 0/0 18:56 5:04 0:00
Jordan Kyrou 1 0 1 0 0 3 2 0 1 0 3/7 16:24 4:59 0:00
Michael McLeod 1 0 1 2 0 1 2 0 0 0 3/4 10:19 0:00 1:04
Mikael Backlund 0 1 1 -1 0 1 3 1 1 0 14/19 14:51 0:00 0:55
Nick Foligno 0 0 0 0 0 0 3 0 0 0 9/12 12:40 0:00 1:04
Nick Jensen 0 0 0 0 0 0 1 0 0 1 0/0 21:23 5:04 1:25
Nico Hischier 0 1 1 0 0 4 1 0 2 0 21/27 18:02 5:25 0:00
Owen Tippett 0 0 0 0 0 5 2 0 0 0 0/0 11:36 0:00 0:00
Thomas Harley 0 1 1 1 0 1 0 1 1 1 0/0 25:57 5:20 0:34
Yegor Chinakhov 0 0 0 2 0 0 0 0 0 0 0/0 9:28 0:00 0:00
3 Stars
1 - Michael McLeod (WSH)
2 - Fabian Zetterlund (WSH)
3 - Drake Batherson (WSH)
Power Play
Los Angeles Kings - 0 on 1 Attempt(s) - 0.00%
Washington Capitals - 2 on 7 Attempt(s) - 28.57%
Penalty Kill
Los Angeles Kings - 5 on 7 Attempt(s) - 71.43%
- Score 0 goal in Penalty Kill
Washington Capitals - 1 on 1 Attempt(s) - 100.00%
- Score 0 goal in Penalty Kill
Team Stat
Los Angeles Kings - Hits : 21 - Faceoff Wins : 19 - Blocked Shots : 13 - Penalty Minutes : 19
Washington Capitals - Hits : 32 - Faceoff Wins : 53 - Blocked Shots : 4 - Penalty Minutes : 7
Official
Referees : Michael Markovic and Conor O'Donnell
Linesman : Kiel Murchison and CJ Murray
Game Notes
Alex Gallant is injured at 7:45 of 1st period (Sprained Left Ankle)
Jamie Oleksiak and Ryan Reaves fight to a draw at 11:57 of 1st period
Matthew Boldy is injured at 5:19 of 3rd period (Strained Left Knee)
Finance
Level 1 -- Attendance: 5879 (97.98%) -- Ticket Income $558,505
Level 2 -- Attendance: 5000 (100.00%) -- Ticket Income $275,000
Level 3 -- Attendance: 3000 (100.00%) -- Ticket Income $99,000
Level 4 -- Attendance: 4853 (97.06%) -- Ticket Income $106,766
Luxury Box -- Attendance: 801 (80.10%) -- Ticket Income $156,195
Game was played at the Verizon Center.
Total Attendance: 19533 (97.67%)
Total Ticket Income: $1,195,466
Other Income: $418,413
Total Income: $1,613,879
Los Angeles Kings
5 vs 5 Forward
Center Left Wing Right Wing Time % Phy DF OF
1 Logan Cooley Matthew Boldy Seth Jarvis 30 1 2 2
2 Adam Fantilli Alex Gallant Andrei Svechnikov 30 1 2 2
3 Michael Eyssimont Vitali Kravtsov Andrei Kuzmenko 25 1 2 2
4 Blake Wheeler Ryan Reaves Trent Frederic 15 1 2 2
5 vs 5 Defense
Defense Defense Time % Phy DF OF
1 MacKenzie Weegar Noah Dobson 35 1 2 2
2 K'Andre Miller Owen Power 35 1 2 2
3 Alexander Romanov Alexander Alexeyev 30 1 2 2
4 MacKenzie Weegar Noah Dobson 0 1 2 2
PowerPlay Forward
Center Left Wing Right Wing Time % Phy DF OF
1 Logan Cooley Matthew Boldy Seth Jarvis 50 1 2 2
2 Adam Fantilli Alex Gallant Andrei Svechnikov 50 1 2 2
PowerPlay Defense
Defense Defense Time % Phy DF OF
1 MacKenzie Weegar Noah Dobson 50 1 2 2
2 K'Andre Miller Owen Power 50 1 2 2
Penalty Kill 4 Players Forward
Center Wing Time % Phy DF OF
1 Seth Jarvis Matthew Boldy 50 1 2 2
2 Andrei Svechnikov Andrei Kuzmenko 50 1 2 2
Penalty Kill 4 Players Defense
Defense Defense Time % Phy DF OF
1 MacKenzie Weegar Noah Dobson 50 1 2 2
2 K'Andre Miller Owen Power 50 1 2 2
Penalty Kill - 3 Players Forward
Forward Time % Phy DF OF
1 Seth Jarvis 50 1 2 2
2 Matthew Boldy 50 1 2 2
Penalty Kill - 3 Players Defense
Defense Defense Time % Phy DF OF
1 MacKenzie Weegar Noah Dobson 50 1 2 2
2 K'Andre Miller Owen Power 50 1 2 2
4 vs 4 Forward
Center Wing Time % Phy DF OF
1 Seth Jarvis Matthew Boldy 50 1 2 2
2 Andrei Svechnikov Andrei Kuzmenko 50 1 2 2
4 vs 4 Defense
Defense Defense Time % Phy DF OF
1 MacKenzie Weegar Noah Dobson 50 1 2 2
2 K'Andre Miller Owen Power 50 1 2 2
Last Minutes Offensive
Center Left Wing Right Wing Defense Defense
Logan Cooley Matthew Boldy Seth Jarvis MacKenzie Weegar Noah Dobson
Last Minutes Defensive
Center Left Wing Right Wing Defense Defense
Logan Cooley Matthew Boldy Seth Jarvis MacKenzie Weegar Noah Dobson
Goaltenders
Starting : Andrei Vasilevskiy
Backup : Jonas Johansson
Extra Forwards
Normal : Trent Frederic, Seth Jarvis, Blake Wheeler - PP : Trent Frederic, Matthew Boldy - PK : Blake Wheeler
Extra Defensemen
Normal : MacKenzie Weegar, Noah Dobson, K'Andre Miller - PP : Noah Dobson - PK : MacKenzie Weegar, K'Andre Miller
Penalty Shots
Seth Jarvis, Matthew Boldy, Andrei Svechnikov, Andrei Kuzmenko, Blake Wheeler
Scratches
Cooper Marody (Healthy), Michael Milne (Healthy), Jakub Zboril (Healthy)
Washington Capitals
5 vs 5 Forward
Center Left Wing Right Wing Time % Phy DF OF
1 Nico Hischier Alex Ovechkin Jason Robertson 30 1 2 2
2 Mikael Backlund Brad Marchand Drake Batherson 30 1 2 2
3 Nick Foligno Owen Tippett Jordan Kyrou 25 1 2 2
4 Michael McLeod Yegor Chinakhov Fabian Zetterlund 15 1 2 2
5 vs 5 Defense
Defense Defense Time % Phy DF OF
1 John Carlson Jamie Oleksiak 30 1 2 2
2 Thomas Harley Derek Forbort 30 1 2 2
3 Ian Cole Nick Jensen 25 1 2 2
4 Thomas Harley Jamie Oleksiak 15 1 2 2
PowerPlay Forward
Center Left Wing Right Wing Time % Phy DF OF
1 Nico Hischier Alex Ovechkin Jason Robertson 50 1 2 2
2 Jordan Kyrou Brad Marchand Drake Batherson 50 1 2 2
PowerPlay Defense
Defense Defense Time % Phy DF OF
1 John Carlson Nick Jensen 50 1 2 2
2 Thomas Harley Jamie Oleksiak 50 1 2 2
Penalty Kill 4 Players Forward
Center Wing Time % Phy DF OF
1 Mikael Backlund Fabian Zetterlund 50 1 2 2
2 Michael McLeod Nick Foligno 50 1 2 2
Penalty Kill 4 Players Defense
Defense Defense Time % Phy DF OF
1 Derek Forbort Jamie Oleksiak 50 1 2 2
2 Nick Jensen Ian Cole 50 1 2 2
Penalty Kill - 3 Players Forward
Forward Time % Phy DF OF
1 Mikael Backlund 50 1 2 2
2 Michael McLeod 50 1 2 2
Penalty Kill - 3 Players Defense
Defense Defense Time % Phy DF OF
1 Derek Forbort Jamie Oleksiak 50 1 2 2
2 Nick Jensen Ian Cole 50 1 2 2
4 vs 4 Forward
Center Wing Time % Phy DF OF
1 Nico Hischier Alex Ovechkin 50 1 2 2
2 Jordan Kyrou Jason Robertson 50 1 2 2
4 vs 4 Defense
Defense Defense Time % Phy DF OF
1 John Carlson Nick Jensen 50 1 2 2
2 Thomas Harley Jamie Oleksiak 50 1 2 2
Last Minutes Offensive
Center Left Wing Right Wing Defense Defense
Nico Hischier Alex Ovechkin Jason Robertson John Carlson Thomas Harley
Last Minutes Defensive
Center Left Wing Right Wing Defense Defense
Mikael Backlund Brad Marchand Nick Foligno Derek Forbort Jamie Oleksiak
Goaltenders
Starting : Jake Oettinger
Backup : Sergei Bobrovsky
Extra Forwards
Normal : Jordan Kyrou, Nick Foligno, Owen Tippett - PP : Drake Batherson, Owen Tippett - PK : Fabian Zetterlund
Extra Defensemen
Normal : Derek Forbort, Nick Jensen, Thomas Harley - PP : Derek Forbort - PK : Nick Jensen, Thomas Harley
Penalty Shots
Jason Robertson, Drake Batherson, Yegor Chinakhov, John Carlson, Jordan Kyrou
Scratches
Stefan Noesen (Healthy)
% Time on Ice - Los Angeles Kings
Lines # - Real PCT - Wanted PCT - Time Play
Normal Forward
1 - 30% - 30% - 14:22
2 - 31% - 30% - 14:53
3 - 23% - 25% - 11:05
4 - 15% - 15% - 7:17
Normal Defense
1 - 38% - 35% - 18:12
2 - 32% - 35% - 15:21
3 - 30% - 30% - 14:04
4 - 0% - 0% - 0:00
PP Forward
1 - 45% - 50% - 0:53
2 - 55% - 50% - 1:06
PP Defense
1 - 46% - 50% - 0:55
2 - 54% - 50% - 1:04
PK Forward
1 - 56% - 50% - 5:49
2 - 44% - 50% - 4:35
PK Defense
1 - 50% - 50% - 5:09
2 - 50% - 50% - 5:15
PK3 Forward
1 - 0% - 50%
2 - 0% - 50%
PK3 Defense
1 - 0% - 50%
2 - 0% - 50%
44 Forward
1 - 0% - 50%
2 - 0% - 50%
44 Defense
1 - 0% - 50%
2 - 0% - 50%
Last Minute Offensive - 0:00
Last Minute Defensive - 0:00
Total
Forward - 60:00
Defense - 60:00
|
% Time on Ice - Washington Capitals
Lines # - Real PCT - Wanted PCT - Time Play
Normal Forward
1 - 26% - 30% - 12:37
2 - 30% - 30% - 14:09
3 - 24% - 25% - 11:36
4 - 19% - 15% - 9:15
Normal Defense
1 - 32% - 30% - 15:10
2 - 32% - 30% - 15:12
3 - 26% - 25% - 12:34
4 - 10% - 15% - 4:41
PP Forward
1 - 52% - 50% - 5:25
2 - 48% - 50% - 4:59
PP Defense
1 - 49% - 50% - 5:04
2 - 51% - 50% - 5:20
PK Forward
1 - 46% - 50% - 0:55
2 - 54% - 50% - 1:04
PK Defense
1 - 57% - 50% - 1:08
2 - 43% - 50% - 0:51
PK3 Forward
1 - 0% - 50%
2 - 0% - 50%
PK3 Defense
1 - 0% - 50%
2 - 0% - 50%
44 Forward
1 - 0% - 50%
2 - 0% - 50%
44 Defense
1 - 0% - 50%
2 - 0% - 50%
Last Minute Offensive - 0:00
Last Minute Defensive - 0:00
Total
Forward - 60:00
Defense - 60:00
|
Play-by-Play
1st period
0:01 of 1st period - Nico Hischier wins face-off versus Logan Cooley in neutral zone.
0:12 of 1st period - Snap shot by Alex Ovechkin.
0:12 of 1st period - Stopped by Andrei Vasilevskiy without a rebound.
0:13 of 1st period - Mikael Backlund wins face-off versus Adam Fantilli in Los Angeles Kings zone.
0:14 of 1st period - Wrist shot by Drake Batherson.
0:14 of 1st period - Stopped by Andrei Vasilevskiy with a rebound.
0:42 of 1st period - Derek Forbort is hit by K'Andre Miller and loses puck.
0:49 of 1st period - Snap shot by Andrei Kuzmenko.
0:49 of 1st period - Stopped by Jake Oettinger without a rebound.
0:50 of 1st period - Michael McLeod wins face-off versus Blake Wheeler in Washington Capitals zone.
0:50 of 1st period - Michael McLeod is hit by Blake Wheeler.
1:17 of 1st period - Nico Hischier is hit by Alexander Alexeyev and loses puck.
1:42 of 1st period - Slapshot by Jordan Kyrou.
1:42 of 1st period - Shot Blocked by MacKenzie Weegar.
1:44 of 1st period - Slapshot by John Carlson.
1:44 of 1st period - Deflect By Owen Tippett.
1:44 of 1st period - Shot Misses the Net.
1:44 of 1st period - Puck is out of play.
1:45 of 1st period - Mikael Backlund wins face-off versus Adam Fantilli in Los Angeles Kings zone.
2:12 of 1st period - Thomas Harley is hit by Michael Eyssimont and loses puck.
2:37 of 1st period - Logan Cooley is hit by Jamie Oleksiak and loses puck.
3:32 of 1st period - Nick Jensen is hit by Alex Gallant and loses puck.
3:51 of 1st period - Snap shot by Seth Jarvis.
3:51 of 1st period - Shot Misses the Net.
3:53 of 1st period - Wrist shot by Logan Cooley.
3:53 of 1st period - Shot Misses the Net.
4:25 of 1st period - Alexander Romanov is hit by John Carlson and loses puck.
4:36 of 1st period - Wrist shot by Michael McLeod.
4:36 of 1st period - Shot Blocked by Alexander Romanov.
4:38 of 1st period - Slapshot by Thomas Harley.
4:38 of 1st period - Shot Blocked by Alexander Alexeyev.
4:40 of 1st period - Slapshot by Derek Forbort.
4:40 of 1st period - Stopped by Andrei Vasilevskiy with a rebound.
4:42 of 1st period - Snap shot by Fabian Zetterlund.
4:42 of 1st period - Shot Blocked by Andrei Svechnikov.
4:44 of 1st period - Slapshot by Derek Forbort.
4:44 of 1st period - Stopped by Andrei Vasilevskiy without a rebound.
4:45 of 1st period - Mikael Backlund wins face-off versus Logan Cooley in Los Angeles Kings zone.
4:46 of 1st period - Slapshot by Brad Marchand.
4:46 of 1st period - Shot Misses the Net.
4:56 of 1st period - Backhand shot by Brad Marchand.
4:56 of 1st period - Shot Blocked by Logan Cooley.
4:58 of 1st period - Snap shot by Mikael Backlund.
4:58 of 1st period - Stopped by Andrei Vasilevskiy without a rebound.
4:59 of 1st period - Nico Hischier wins face-off versus Michael Eyssimont in Los Angeles Kings zone.
5:28 of 1st period - Slapshot by Andrei Svechnikov.
5:28 of 1st period - Goal by Andrei Svechnikov - Los Angeles Kings : 1 - Washington Capitals : 0.
5:29 of 1st period - Nick Foligno wins face-off versus Logan Cooley in neutral zone.
5:34 of 1st period - Logan Cooley is hit by Nick Foligno and loses puck.
5:41 of 1st period - Slapshot by K'Andre Miller.
5:41 of 1st period - Stopped by Jake Oettinger without a rebound.
5:42 of 1st period - Mikael Backlund wins face-off versus Adam Fantilli in Washington Capitals zone.
5:44 of 1st period - Icing by Brad Marchand.
5:45 of 1st period - Mikael Backlund wins face-off versus Adam Fantilli in Washington Capitals zone.
5:58 of 1st period - Slapshot by Andrei Svechnikov.
5:58 of 1st period - Stopped by Jake Oettinger without a rebound.
5:59 of 1st period - Nico Hischier wins face-off versus Logan Cooley in Washington Capitals zone.
6:09 of 1st period - Off-side.
6:10 of 1st period - Nick Foligno wins face-off versus Michael Eyssimont in neutral zone.
6:25 of 1st period - Wrist shot by Andrei Kuzmenko.
6:25 of 1st period - Shot Misses the Net.
7:18 of 1st period - Wrist shot by Fabian Zetterlund.
7:18 of 1st period - Goal by Fabian Zetterlund - Los Angeles Kings : 1 - Washington Capitals : 1.
7:19 of 1st period - Michael McLeod wins face-off versus Michael Eyssimont in neutral zone.
7:28 of 1st period - Snap shot by Yegor Chinakhov.
7:28 of 1st period - Deflect By Fabian Zetterlund.
7:28 of 1st period - Stopped by Andrei Vasilevskiy with a rebound.
7:44 of 1st period - Alex Gallant is hit by Jamie Oleksiak and loses puck.
7:45 of 1st period - Alex Gallant from Los Angeles Kings is injured at 7:45 of 1st period (Sprained Left Ankle).
7:46 of 1st period - Nick Foligno wins face-off versus Logan Cooley in Los Angeles Kings zone.
8:03 of 1st period - Snap shot by Owen Tippett.
8:03 of 1st period - Stopped by Andrei Vasilevskiy with a rebound.
8:09 of 1st period - Minor Penalty to Seth Jarvis for Hooking.
8:10 of 1st period - Nico Hischier wins face-off versus Blake Wheeler in Los Angeles Kings zone.
8:13 of 1st period - Slapshot by Nico Hischier.
8:13 of 1st period - Stopped by Andrei Vasilevskiy without a rebound.
8:14 of 1st period - Nico Hischier wins face-off versus Blake Wheeler in Los Angeles Kings zone.
8:29 of 1st period - Wrist shot by Jason Robertson.
8:29 of 1st period - Stopped by Andrei Vasilevskiy with a rebound.
8:31 of 1st period - Snap shot by Alex Ovechkin.
8:31 of 1st period - Goal by Alex Ovechkin - Los Angeles Kings : 1 - Washington Capitals : 2.
8:32 of 1st period - Adam Fantilli wins face-off versus Nico Hischier in neutral zone.
8:59 of 1st period - Drake Batherson is hit by MacKenzie Weegar and loses puck.
9:20 of 1st period - Wrist shot by Owen Tippett.
9:20 of 1st period - Deflect By Seth Jarvis.
9:20 of 1st period - Shot Misses the Net.
9:20 of 1st period - Puck is out of play.
9:21 of 1st period - Nick Foligno wins face-off versus Logan Cooley in Los Angeles Kings zone.
9:28 of 1st period - Snap shot by Owen Tippett.
9:28 of 1st period - Stopped by Andrei Vasilevskiy without a rebound.
9:29 of 1st period - Nico Hischier wins face-off versus Blake Wheeler in Los Angeles Kings zone.
9:30 of 1st period - Snap shot by Alex Ovechkin.
9:30 of 1st period - Shot Misses the Net.
9:42 of 1st period - Off-side.
9:43 of 1st period - Mikael Backlund wins face-off versus Adam Fantilli in neutral zone.
9:59 of 1st period - Jamie Oleksiak is hit by Andrei Svechnikov.
10:09 of 1st period - Wrist shot by Andrei Kuzmenko.
10:09 of 1st period - Stopped by Jake Oettinger with a rebound.
10:21 of 1st period - Slapshot by Brad Marchand.
10:21 of 1st period - Shot Misses the Net.
10:41 of 1st period - Snap shot by Alex Ovechkin.
10:41 of 1st period - Stopped by Andrei Vasilevskiy with a rebound.
10:43 of 1st period - Slapshot by Thomas Harley.
10:43 of 1st period - Stopped by Andrei Vasilevskiy without a rebound.
10:44 of 1st period - Blake Wheeler wins face-off versus Nico Hischier in Los Angeles Kings zone.
10:53 of 1st period - Wrist shot by Nico Hischier.
10:53 of 1st period - Stopped by Andrei Vasilevskiy with a rebound.
10:55 of 1st period - Wrist shot by Alex Ovechkin.
10:55 of 1st period - Deflect By Jason Robertson.
10:55 of 1st period - Shot Misses the Net.
10:55 of 1st period - Puck is out of play.
10:56 of 1st period - Nick Foligno wins face-off versus Adam Fantilli in Los Angeles Kings zone.
11:09 of 1st period - Snap shot by Jordan Kyrou.
11:09 of 1st period - Stopped by Andrei Vasilevskiy with a rebound.
11:46 of 1st period - Snap shot by Jason Robertson.
11:46 of 1st period - Shot Misses the Net.
11:48 of 1st period - Slapshot by Jamie Oleksiak.
11:48 of 1st period - Stopped by Andrei Vasilevskiy with a rebound.
11:50 of 1st period - Wrist shot by Jason Robertson.
11:50 of 1st period - Stopped by Andrei Vasilevskiy with a rebound.
11:56 of 1st period - Slapshot by Jason Robertson.
11:56 of 1st period - Stopped by Andrei Vasilevskiy without a rebound.
11:57 of 1st period - Nick Foligno wins face-off versus Blake Wheeler in Los Angeles Kings zone.
11:57 of 1st period - Jamie Oleksiak and Ryan Reaves fight to a draw.
11:57 of 1st period - Penalty to Jamie Oleksiak for Fighting.
11:57 of 1st period - Penalty to Ryan Reaves for Fighting.
11:58 of 1st period - Blake Wheeler wins face-off versus Nick Foligno in Los Angeles Kings zone.
12:59 of 1st period - Wrist shot by Matthew Boldy.
12:59 of 1st period - Shot Misses the Net.
14:04 of 1st period - Icing by K'Andre Miller.
14:05 of 1st period - Nico Hischier wins face-off versus Blake Wheeler in Los Angeles Kings zone.
14:18 of 1st period - Wrist shot by Alex Ovechkin.
14:18 of 1st period - Deflect By Matthew Boldy.
14:18 of 1st period - Shot Misses the Net.
14:18 of 1st period - Puck is out of play.
14:19 of 1st period - Mikael Backlund wins face-off versus Adam Fantilli in Los Angeles Kings zone.
14:30 of 1st period - Trent Frederic is hit by Brad Marchand and loses puck.
14:40 of 1st period - Icing by Drake Batherson.
14:41 of 1st period - Nick Foligno wins face-off versus Andrei Kuzmenko in Washington Capitals zone.
15:06 of 1st period - Nick Jensen is hit by Logan Cooley and loses puck.
15:24 of 1st period - Minor Penalty to Matthew Boldy for Goalie Interference.
15:25 of 1st period - Jason Robertson wins face-off versus Andrei Svechnikov in Los Angeles Kings zone.
15:25 of 1st period - Slapshot by Alex Ovechkin.
15:25 of 1st period - Stopped by Andrei Vasilevskiy without a rebound.
15:26 of 1st period - Nico Hischier wins face-off versus Andrei Svechnikov in Los Angeles Kings zone.
16:09 of 1st period - MacKenzie Weegar is hit by Jordan Kyrou and loses puck.
16:57 of 1st period - Penalty to Ryan Reaves is over, Ryan Reaves is back on ice.
17:22 of 1st period - Wrist shot by Logan Cooley.
17:22 of 1st period - Shot Misses the Net.
17:24 of 1st period - Penalty to Matthew Boldy is over, Matthew Boldy is back on ice.
17:56 of 1st period - Slapshot by MacKenzie Weegar.
17:56 of 1st period - Shot Misses the Net.
17:58 of 1st period - Wrist shot by MacKenzie Weegar.
17:58 of 1st period - Stopped by Jake Oettinger without a rebound.
17:59 of 1st period - Blake Wheeler wins face-off versus Nick Foligno in Washington Capitals zone.
18:26 of 1st period - Wrist shot by Mikael Backlund.
18:26 of 1st period - Shot Misses the Net.
18:28 of 1st period - Slapshot by John Carlson.
18:28 of 1st period - Stopped by Andrei Vasilevskiy without a rebound.
18:29 of 1st period - Mikael Backlund wins face-off versus Adam Fantilli in Los Angeles Kings zone.
18:34 of 1st period - Slapshot by Drake Batherson.
18:34 of 1st period - Goal by Drake Batherson - Los Angeles Kings : 1 - Washington Capitals : 3.
18:35 of 1st period - Nico Hischier wins face-off versus Logan Cooley in neutral zone.
18:38 of 1st period - Snap shot by Alex Ovechkin.
18:38 of 1st period - Stopped by Andrei Vasilevskiy without a rebound.
18:39 of 1st period - Logan Cooley wins face-off versus Nico Hischier in Los Angeles Kings zone.
18:41 of 1st period - Minor Penalty to K'Andre Miller for Tripping.
18:42 of 1st period - Jordan Kyrou wins face-off versus Andrei Kuzmenko in Los Angeles Kings zone.
18:50 of 1st period - Snap shot by Drake Batherson.
18:50 of 1st period - Shot Misses the Net.
18:52 of 1st period - Snap shot by Jordan Kyrou.
18:52 of 1st period - Stopped by Andrei Vasilevskiy without a rebound.
18:53 of 1st period - Andrei Svechnikov wins face-off versus Jordan Kyrou in Los Angeles Kings zone.
18:53 of 1st period - Andrei Svechnikov is hit by Drake Batherson.
Goals for this period are 1 for Los Angeles Kings vs 3 for Washington Capitals.
Shots for this period are 6 for Los Angeles Kings vs 24 for Washington Capitals.
2nd period
0:01 of 2nd period - Brad Marchand wins face-off versus Andrei Svechnikov in neutral zone.
0:16 of 2nd period - Slapshot by Drake Batherson.
0:16 of 2nd period - Stopped by Andrei Vasilevskiy with a rebound.
0:22 of 2nd period - Wrist shot by Matthew Boldy.
0:22 of 2nd period - Stopped by Jake Oettinger without a rebound.
0:23 of 2nd period - Andrei Svechnikov wins face-off versus Nico Hischier in Washington Capitals zone.
0:24 of 2nd period - Wrist shot by Andrei Kuzmenko.
0:24 of 2nd period - Shot Misses the Net.
0:41 of 2nd period - Penalty to K'Andre Miller is over, K'Andre Miller is back on ice.
0:50 of 2nd period - Andrei Kuzmenko is hit by Nick Foligno and loses puck.
1:24 of 2nd period - Icing by Seth Jarvis.
1:25 of 2nd period - Logan Cooley wins face-off versus Nico Hischier in Los Angeles Kings zone.
3:14 of 2nd period - Wrist shot by Fabian Zetterlund.
3:14 of 2nd period - Stopped by Andrei Vasilevskiy without a rebound.
3:15 of 2nd period - Adam Fantilli wins face-off versus Michael McLeod in Los Angeles Kings zone.
3:32 of 2nd period - Alexander Romanov is hit by Michael McLeod and loses puck.
3:43 of 2nd period - Wrist shot by Fabian Zetterlund.
3:43 of 2nd period - Shot Misses the Net.
3:53 of 2nd period - Snap shot by Yegor Chinakhov.
3:53 of 2nd period - Shot Blocked by Alexander Romanov.
4:08 of 2nd period - Minor Penalty to Trent Frederic for Cross-checking.
4:09 of 2nd period - Jordan Kyrou wins face-off versus Andrei Svechnikov in Los Angeles Kings zone.
4:15 of 2nd period - Wrist shot by Jordan Kyrou.
4:15 of 2nd period - Goal by Jordan Kyrou - Los Angeles Kings : 1 - Washington Capitals : 4.
4:16 of 2nd period - Nico Hischier wins face-off versus Logan Cooley in neutral zone.
4:32 of 2nd period - Minor Penalty to Matthew Boldy for High sticking.
4:33 of 2nd period - Jordan Kyrou wins face-off versus Andrei Svechnikov in Los Angeles Kings zone.
4:33 of 2nd period - Wrist shot by Drake Batherson.
4:33 of 2nd period - Stopped by Andrei Vasilevskiy with a rebound.
5:03 of 2nd period - Off-side.
5:04 of 2nd period - Nico Hischier wins face-off versus Seth Jarvis in neutral zone.
5:07 of 2nd period - Snap shot by Alex Ovechkin.
5:07 of 2nd period - Stopped by Andrei Vasilevskiy with a rebound.
5:09 of 2nd period - Snap shot by John Carlson.
5:09 of 2nd period - Shot Hit the Post.
5:11 of 2nd period - Snap shot by Alex Ovechkin.
5:11 of 2nd period - Shot Misses the Net.
5:13 of 2nd period - Slapshot by John Carlson.
5:13 of 2nd period - Shot Blocked by K'Andre Miller.
5:15 of 2nd period - Snap shot by Nico Hischier.
5:15 of 2nd period - Shot Blocked by Owen Power.
5:17 of 2nd period - Snap shot by Jason Robertson.
5:17 of 2nd period - Stopped by Andrei Vasilevskiy without a rebound.
5:18 of 2nd period - Seth Jarvis wins face-off versus Jordan Kyrou in Los Angeles Kings zone.
6:21 of 2nd period - Seth Jarvis is hit by Jordan Kyrou and loses puck.
6:32 of 2nd period - Penalty to Matthew Boldy is over, Matthew Boldy is back on ice.
6:47 of 2nd period - Off-side.
6:48 of 2nd period - Nico Hischier wins face-off versus Michael Eyssimont in neutral zone.
6:55 of 2nd period - Wrist shot by Nico Hischier.
6:55 of 2nd period - Stopped by Andrei Vasilevskiy with a rebound.
7:59 of 2nd period - Snap shot by Owen Tippett.
7:59 of 2nd period - Shot Blocked by Alexander Romanov.
8:01 of 2nd period - Wrist shot by Jordan Kyrou.
8:01 of 2nd period - Shot Blocked by Alexander Alexeyev.
8:03 of 2nd period - Wrist shot by Jordan Kyrou.
8:03 of 2nd period - Shot Misses the Net.
8:15 of 2nd period - Snap shot by Blake Wheeler.
8:15 of 2nd period - Stopped by Jake Oettinger with a rebound.
8:17 of 2nd period - Snap shot by Andrei Kuzmenko.
8:17 of 2nd period - Shot Misses the Net.
8:19 of 2nd period - Slapshot by Alexander Alexeyev.
8:19 of 2nd period - Shot Blocked by Thomas Harley.
8:21 of 2nd period - Snap shot by Michael Eyssimont.
8:21 of 2nd period - Stopped by Jake Oettinger without a rebound.
8:22 of 2nd period - Mikael Backlund wins face-off versus Michael Eyssimont in Washington Capitals zone.
8:22 of 2nd period - Mikael Backlund is hit by Michael Eyssimont.
8:34 of 2nd period - Backhand shot by Brad Marchand.
8:34 of 2nd period - Deflect By Mikael Backlund.
8:34 of 2nd period - Shot Misses the Net.
8:34 of 2nd period - Puck is out of play.
8:35 of 2nd period - Adam Fantilli wins face-off versus Mikael Backlund in Los Angeles Kings zone.
8:50 of 2nd period - K'Andre Miller is hit by Brad Marchand and loses puck.
9:01 of 2nd period - Alex Ovechkin is hit by Matthew Boldy and loses puck.
9:32 of 2nd period - Snap shot by Owen Tippett.
9:32 of 2nd period - Stopped by Andrei Vasilevskiy without a rebound.
9:33 of 2nd period - Adam Fantilli wins face-off versus Nick Foligno in Los Angeles Kings zone.
9:44 of 2nd period - Slapshot by Adam Fantilli.
9:44 of 2nd period - Stopped by Jake Oettinger without a rebound.
9:45 of 2nd period - Logan Cooley wins face-off versus Mikael Backlund in Washington Capitals zone.
10:39 of 2nd period - Andrei Svechnikov is hit by Fabian Zetterlund.
10:45 of 2nd period - Wrist shot by Andrei Svechnikov.
10:45 of 2nd period - Shot Blocked by Fabian Zetterlund.
11:11 of 2nd period - Wrist shot by Michael Eyssimont.
11:11 of 2nd period - Shot Misses the Net.
11:57 of 2nd period - Snap shot by Matthew Boldy.
11:57 of 2nd period - Shot Misses the Net.
11:59 of 2nd period - Slapshot by Matthew Boldy.
11:59 of 2nd period - Deflect By John Carlson.
11:59 of 2nd period - Shot Misses the Net.
11:59 of 2nd period - Puck is out of play.
12:00 of 2nd period - Nico Hischier wins face-off versus Michael Eyssimont in Washington Capitals zone.
12:11 of 2nd period - Wrist shot by Andrei Kuzmenko.
12:11 of 2nd period - Shot Misses the Net.
12:30 of 2nd period - Slapshot by Noah Dobson.
12:30 of 2nd period - Shot Misses the Net.
12:32 of 2nd period - Snap shot by Trent Frederic.
12:32 of 2nd period - Shot Hit the Post.
12:34 of 2nd period - Snap shot by Ryan Reaves.
12:34 of 2nd period - Stopped by Jake Oettinger without a rebound.
12:35 of 2nd period - Nick Foligno wins face-off versus Blake Wheeler in Washington Capitals zone.
12:35 of 2nd period - Nick Foligno is hit by Blake Wheeler.
12:38 of 2nd period - Icing by Jordan Kyrou.
12:39 of 2nd period - Nick Foligno wins face-off versus Michael Eyssimont in Washington Capitals zone.
13:04 of 2nd period - Wrist shot by Seth Jarvis.
13:04 of 2nd period - Shot Misses the Net.
13:10 of 2nd period - Snap shot by Owen Tippett.
13:10 of 2nd period - Stopped by Andrei Vasilevskiy without a rebound.
13:11 of 2nd period - Drake Batherson wins face-off versus Logan Cooley in Los Angeles Kings zone.
13:18 of 2nd period - Derek Forbort is hit by Logan Cooley.
13:27 of 2nd period - Icing by Derek Forbort.
13:28 of 2nd period - Mikael Backlund wins face-off versus Adam Fantilli in Washington Capitals zone.
13:28 of 2nd period - Mikael Backlund is hit by Adam Fantilli.
13:39 of 2nd period - Minor Penalty to Trent Frederic for Cross-checking.
13:40 of 2nd period - Nico Hischier wins face-off versus Andrei Svechnikov in Los Angeles Kings zone.
13:46 of 2nd period - Slapshot by Alex Ovechkin.
13:46 of 2nd period - Stopped by Andrei Vasilevskiy without a rebound.
13:47 of 2nd period - Nico Hischier wins face-off versus Andrei Svechnikov in Los Angeles Kings zone.
14:24 of 2nd period - Wrist shot by Nico Hischier.
14:24 of 2nd period - Stopped by Andrei Vasilevskiy with a rebound.
14:34 of 2nd period - Snap shot by Nico Hischier.
14:34 of 2nd period - Shot Misses the Net.
14:40 of 2nd period - Snap shot by Nico Hischier.
14:40 of 2nd period - Shot Blocked by MacKenzie Weegar.
14:42 of 2nd period - Snap shot by Thomas Harley.
14:42 of 2nd period - Deflect By Nico Hischier.
14:42 of 2nd period - Shot Blocked by Matthew Boldy.
14:42 of 2nd period - Puck is out of play.
14:43 of 2nd period - Andrei Svechnikov wins face-off versus Jordan Kyrou in Los Angeles Kings zone.
15:16 of 2nd period - Owen Power is hit by John Carlson and loses puck.
15:39 of 2nd period - Penalty to Trent Frederic is over, Trent Frederic is back on ice.
15:53 of 2nd period - Wrist shot by Fabian Zetterlund.
15:53 of 2nd period - Stopped by Andrei Vasilevskiy without a rebound.
15:54 of 2nd period - Michael McLeod wins face-off versus Blake Wheeler in Los Angeles Kings zone.
16:43 of 2nd period - Adam Fantilli is hit by Mikael Backlund and loses puck.
17:29 of 2nd period - Slapshot by Seth Jarvis.
17:29 of 2nd period - Deflect By Logan Cooley.
17:29 of 2nd period - Stopped by Jake Oettinger without a rebound.
17:30 of 2nd period - Mikael Backlund wins face-off versus Logan Cooley in Washington Capitals zone.
17:57 of 2nd period - Matthew Boldy is hit by Jason Robertson and loses puck.
18:40 of 2nd period - Snap shot by Andrei Svechnikov.
18:40 of 2nd period - Stopped by Jake Oettinger without a rebound.
18:41 of 2nd period - Nico Hischier wins face-off versus Adam Fantilli in Washington Capitals zone.
19:05 of 2nd period - Icing by Michael Eyssimont.
19:06 of 2nd period - Michael Eyssimont wins face-off versus Mikael Backlund in Los Angeles Kings zone.
19:06 of 2nd period - Michael Eyssimont is hit by Nick Jensen.
19:12 of 2nd period - Snap shot by Andrei Kuzmenko.
19:12 of 2nd period - Shot Misses the Net.
19:14 of 2nd period - Slapshot by K'Andre Miller.
19:14 of 2nd period - Shot Blocked by Mikael Backlund.
19:22 of 2nd period - Wrist shot by Adam Fantilli.
19:22 of 2nd period - Goal by Adam Fantilli - Los Angeles Kings : 2 - Washington Capitals : 4.
19:23 of 2nd period - Nico Hischier wins face-off versus Michael Eyssimont in neutral zone.
19:25 of 2nd period - Minor Penalty to Jamie Oleksiak for Tripping.
19:26 of 2nd period - Logan Cooley wins face-off versus Mikael Backlund in Washington Capitals zone.
19:26 of 2nd period - Snap shot by Seth Jarvis.
19:26 of 2nd period - Stopped by Jake Oettinger without a rebound.
19:27 of 2nd period - Mikael Backlund wins face-off versus Logan Cooley in Washington Capitals zone.
19:42 of 2nd period - Snap shot by Logan Cooley.
19:42 of 2nd period - Shot Blocked by Derek Forbort.
19:44 of 2nd period - Snap shot by Matthew Boldy.
19:44 of 2nd period - Stopped by Jake Oettinger without a rebound.
19:45 of 2nd period - Mikael Backlund wins face-off versus Adam Fantilli in Washington Capitals zone.
19:45 of 2nd period - Mikael Backlund is hit by Trent Frederic.
Goals for this period are 1 for Los Angeles Kings vs 1 for Washington Capitals.
Shots for this period are 10 for Los Angeles Kings vs 12 for Washington Capitals.
3rd period
0:01 of 3rd period - Mikael Backlund wins face-off versus Adam Fantilli in neutral zone.
1:25 of 3rd period - Penalty to Jamie Oleksiak is over, Jamie Oleksiak is back on ice.
1:32 of 3rd period - Jason Robertson is hit by Michael Eyssimont and loses puck.
2:07 of 3rd period - Wrist shot by Brad Marchand.
2:07 of 3rd period - Stopped by Andrei Vasilevskiy with a rebound.
3:08 of 3rd period - Ryan Reaves is hit by Mikael Backlund and loses puck.
3:13 of 3rd period - Slapshot by Drake Batherson.
3:13 of 3rd period - Shot Misses the Net.
3:19 of 3rd period - John Carlson is hit by K'Andre Miller and loses puck.
4:45 of 3rd period - Noah Dobson is hit by Owen Tippett and loses puck.
5:07 of 3rd period - Blake Wheeler is hit by Michael McLeod and loses puck.
5:18 of 3rd period - Matthew Boldy is hit by Drake Batherson and loses puck.
5:19 of 3rd period - Matthew Boldy from Los Angeles Kings is injured at 5:19 of 3rd period (Strained Left Knee).
5:20 of 3rd period - Nico Hischier wins face-off versus Andrei Svechnikov in Los Angeles Kings zone.
6:11 of 3rd period - Snap shot by Michael Eyssimont.
6:11 of 3rd period - Shot Misses the Net.
6:13 of 3rd period - Slapshot by Alexander Alexeyev.
6:13 of 3rd period - Shot Misses the Net.
6:44 of 3rd period - Wrist shot by Owen Tippett.
6:44 of 3rd period - Stopped by Andrei Vasilevskiy with a rebound.
6:46 of 3rd period - Slapshot by Derek Forbort.
6:46 of 3rd period - Deflect By Logan Cooley.
6:46 of 3rd period - Stopped by Andrei Vasilevskiy with a rebound.
6:48 of 3rd period - Snap shot by Thomas Harley.
6:48 of 3rd period - Shot Blocked by Alexander Alexeyev.
6:50 of 3rd period - Snap shot by Michael McLeod.
6:50 of 3rd period - Goal by Michael McLeod - Los Angeles Kings : 2 - Washington Capitals : 5.
6:51 of 3rd period - Nico Hischier wins face-off versus Adam Fantilli in neutral zone.
7:07 of 3rd period - Alex Ovechkin is hit by Trent Frederic and loses puck.
7:15 of 3rd period - Icing by Nick Jensen.
7:16 of 3rd period - Nico Hischier wins face-off versus Michael Eyssimont in Washington Capitals zone.
7:25 of 3rd period - Icing by MacKenzie Weegar.
7:26 of 3rd period - Michael Eyssimont wins face-off versus Mikael Backlund in Los Angeles Kings zone.
8:59 of 3rd period - Derek Forbort is hit by Andrei Kuzmenko and loses puck.
9:26 of 3rd period - Slapshot by MacKenzie Weegar.
9:26 of 3rd period - Deflect By Andrei Kuzmenko.
9:26 of 3rd period - Stopped by Jake Oettinger with a rebound.
9:42 of 3rd period - Slapshot by MacKenzie Weegar.
9:42 of 3rd period - Stopped by Jake Oettinger without a rebound.
9:43 of 3rd period - Nico Hischier wins face-off versus Adam Fantilli in Washington Capitals zone.
9:54 of 3rd period - Owen Power is hit by Ian Cole and loses puck.
10:18 of 3rd period - Wrist shot by Seth Jarvis.
10:18 of 3rd period - Stopped by Jake Oettinger with a rebound.
10:20 of 3rd period - Slapshot by Alexander Alexeyev.
10:20 of 3rd period - Stopped by Jake Oettinger without a rebound.
10:21 of 3rd period - Adam Fantilli wins face-off versus Nico Hischier in Washington Capitals zone.
10:36 of 3rd period - Alexander Alexeyev is hit by Jamie Oleksiak and loses puck.
11:36 of 3rd period - Nick Jensen is hit by Andrei Svechnikov and loses puck.
11:49 of 3rd period - K'Andre Miller is hit by Nick Foligno.
12:05 of 3rd period - Adam Fantilli is hit by Nico Hischier.
13:37 of 3rd period - Derek Forbort is hit by Trent Frederic and loses puck.
14:16 of 3rd period - Alexander Alexeyev is hit by John Carlson and loses puck.
14:35 of 3rd period - MacKenzie Weegar is hit by Mikael Backlund and loses puck.
15:08 of 3rd period - Ryan Reaves is hit by Owen Tippett and loses puck.
15:21 of 3rd period - Andrei Svechnikov is hit by Alex Ovechkin and loses puck.
15:39 of 3rd period - Seth Jarvis is hit by Jamie Oleksiak and loses puck.
15:54 of 3rd period - Andrei Svechnikov is hit by Drake Batherson and loses puck.
16:09 of 3rd period - Minor Penalty to Michael Eyssimont for Hooking.
16:10 of 3rd period - Seth Jarvis wins face-off versus Jordan Kyrou in Los Angeles Kings zone.
16:10 of 3rd period - Seth Jarvis is hit by Brad Marchand.
18:09 of 3rd period - Penalty to Michael Eyssimont is over, Michael Eyssimont is back on ice.
18:26 of 3rd period - Fabian Zetterlund is hit by Alexander Romanov and loses puck.
18:37 of 3rd period - Andrei Svechnikov is hit by John Carlson and loses puck.
Goals for this period are 0 for Los Angeles Kings vs 1 for Washington Capitals.
Shots for this period are 4 for Los Angeles Kings vs 4 for Washington Capitals.
Back to the Top